 Dungeon Crawl Stone Soup version 0.19-a0-1170-g18f0c96 (webtiles) character file.

4707 Duffy the Cleaver (level 10, -16/123 HPs)
             Began as a Formicid Wanderer on Aug 16, 2016.
             Was a Believer of the Shining One.
             Demolished by an orc knight
             ... wielding a +2 great mace
              (47 damage)
             ... in a bailey.
             The game lasted 00:12:09 (7201 turns).

Duffy the Cleaver (Formicid Wanderer)               Turns: 7201, Time: 00:12:10

Health: -16/123    AC: 25    Str: 19    XL:     10   Next: 73%
Magic:  10/10      EV:  2    Int: 13    God:    the Shining One [**....]
Gold:   15         SH:  0    Dex: 15    Spells: 0 memorised, 9 levels left

rFire  + . .     SeeInvis .     G - +2 war axe (freeze)
rCold  + . .     Gourm    +     (armour currently unavailable)
rNeg   + + +     Faith    .     l - +0 shield
rPois  +         Spirit   .     (helmet unavailable)
rElec  .         Dismiss  .     (cloak currently unavailable)
rCorr  .         Reflect  .     (gloves currently unavailable)
MR     +....     Harm     .     (boots currently unavailable)
Stlth  +.........               K - amulet of the gourmand (curse)
                                E - ring of protection from fire
                                q - ring of protection from cold

@: confused, agile, tree-form, glowing
A: permanent stasis, dig shafts and tunnels, four strong arms, (antennae 0)
a: Divine Shield, Renounce Religion


You were in a bailey.
You worshipped the Shining One.
The Shining One was pleased with you.
You were not hungry.
You were a tree.
You visited 1 branch of the dungeon, and saw 7 of its levels.
You also visited: Bailey.

You collected 373 gold pieces.
You spent 358 gold pieces at shops.


Innate Abilities, Weirdness & Mutations

You are under a permanent stasis effect.
You can dig through walls and to a lower floor.
Your four strong arms can wield two-handed weapons with a shield.
((You have a pair of large antennae on your head. (SInv)))


   Skills:
 + Level 8.4 Fighting
 + Level 10.9 Axes
 - Level 1.0 Throwing
 + Level 9.1 Armour
 - Level 9.0 Shields
 - Level 1.1 Evocations


You had 9 spell levels left.
You didn't know any spells.

Inventory:

Hand Weapons
 G - a +2 war axe of freezing (weapon)
Armour
 f - a +0 cloak (melded)
 h - a +0 pair of gloves (melded)
 l - a +0 shield (worn)
 m - a +0 chain mail (melded)
 u - a +0 pair of boots (melded)
Jewellery
 b - an uncursed ring of positive energy
 q - a ring of protection from cold (left branch)
 y - an uncursed ring of flight
 E - a ring of protection from fire (right branch)
 F - an uncursed ring of ice
 K - a cursed amulet of the gourmand (around neck)
Wands
 a - a wand of polymorph (21/24)
 c - a wand of iceblast (10/15)
 w - a wand of iceblast (7/15)
Scrolls
 g - a scroll of enchant weapon {unknown}
 i - a scroll of blinking {unknown}
 o - a scroll of magic mapping
 s - a scroll of fear {unknown}
 v - a scroll of teleportation {unknown}
 x - a scroll of fog {unknown}
 z - a scroll of remove curse
 D - a scroll of recharging
 J - a scroll of holy word {unknown}
Potions
 n - 7 potions of curing
 t - a potion of lignification
 H - a potion of magic
Comestibles
 d - 6 bread rations
 k - 2 meat rations
 p - a beef jerky
 r - a slice of pizza
 B - 8 fruits
 I - a royal jelly

Dungeon Overview and Level Annotations

Branches:
Dungeon (7/15)             Temple (0/1) D:5

Altars:
Kikubaaqudgha
Pakellas
Uskayaw
The Shining One

Shops:
D:4 *   D:7 ?


Message History

The gnoll is wielding a halberd of electrocution.
The gnoll shouts!
The orc knight shouts! 2 gnolls come into view.
A gnoll is wielding a halberd of electrocution.
There is an open door here.
A gnoll and a kobold come into view.
The kobold shouts!
The gnoll shouts! x2
The orc knight drinks a potion.
The orc knight goes berserk!
The kobold moves out of view.
A kobold comes into view.
The kobold shouts!
There is an open door here.
The orc knight rages.
You turn into a tree.
Your +0 cloak melds into your body.
Your +0 pair of gloves melds into your body.
Your +0 pair of boots melds into your body.
Your +0 chain mail melds into your body.
Your roots penetrate the ground.
You hear a shout!
You feel agile all of a sudden. You block the orc knight's attack.
Okay, then.
You barely miss the orc knight.
The orc knight hits you with an enchanted great mace!!!
The gnoll hits you but does no damage.
The orc knight hits you with an enchanted great mace.
You hit the orc knight. You freeze the orc knight.
The orc knight is lightly wounded.
The orc knight hits you but does no damage.
The gnoll hits you but does no damage.
You are electrocuted!
It was a potion of experience.
You feel more experienced!
Your Fighting skill gained 4 levels and is now at level 8!
Your Axes skill gained 2 levels and is now at level 10!
Your Armour skill gained 4 levels and is now at level 9!
You have reached level 10!
You block the orc knight's attack. The gnoll hits you but does no damage.
You hit the orc knight but do no damage.
The orc knight is lightly wounded.
The orc knight barely misses you.
You feel much better. The gnoll hits you but does no damage.
You are electrocuted!
The orc knight hits you with an enchanted great mace!!
You barely miss the orc knight.
The orc knight is lightly wounded.
You block the orc knight's attack. The gnoll hits you but does no damage.
You are confused.
You feel invigorated.
The orc knight hits you with an enchanted great mace!!!
You die...

## ### #####
#.# #.###7og#
#'##'##'###g#
{ #.....##
#..{
###.....###
.{{g{
#.'..(..'.#
{{g.'
###.(...###
.gK.#
##()...# #{
...#
##(##'##'#
#K# '##'
#(###.# #.#g#


You could see an orc knight (berserk) and 2 gnolls.

Action                   |  1- 3 |  4- 6 |  7- 9 | 10-12 || total
-------------------------+-------+-------+-------+-------++-------
Melee: Hand axe          |    94 |   143 |   252 |       ||   489
       War axe           |       |       |   111 |     2 ||   113
 Abil: Dig               |       |       |     4 |       ||     4
  Use: Scroll            |     3 |       |     7 |       ||    10
       Potion            |       |     4 |     4 |     2 ||    10
  Eat: Chunk             |       |     7 |    16 |       ||    23
       Fruit             |       |       |     2 |       ||     2
Armor: Ring mail         |    26 |       |       |       ||    26
       Chain mail        |    24 |    65 |   121 |       ||   210
       Skin              |       |       |     7 |     3 ||    10
Dodge: Dodged            |    23 |    31 |    60 |     1 ||   115
Block: Shield            |    21 |    43 |   186 |     2 ||   252

Notes
Turn   | Place    | Note
-------+----------+-------------------------------------------
     0 | D:1      | Duffy the Formicid Wanderer began the quest for the Orb.
     0 | D:1      | Duffy set off with: a +2 hand axe, a +0 mace, a +0 ring mail, a bread ration
     0 | D:1      | Reached XP level 1. HP: 16/16 MP: 1/1
   116 | D:1      | Reached XP level 2. HP: 20/22 MP: 2/2
   294 | D:1      | Reached skill level 3 in Axes
   596 | D:2      | Found a glowing golden altar of the Shining One.
   605 | D:2      | Became a worshipper of the Shining One
   721 | D:2      | Reached XP level 3. HP: 27/27 MP: 3/3
   727 | D:2      | Reached skill level 1 in Shields
  1307 | D:2      | Reached XP level 4. HP: 33/33 MP: 4/4
  1422 | D:2      | Reached skill level 2 in Shields
  1977 | D:1      | Reached skill level 4 in Axes
  2098 | D:2      | Reached XP level 5. HP: 38/38 MP: 5/5
  2412 | D:3      | Reached skill level 3 in Shields
  2505 | D:3      | Noticed slayr's ghost (amateur SpEn)
  2835 | D:4      | Reached XP level 6. HP: 14/44 MP: 6/6
  3214 | D:4      | Noticed a slave
  3214 | D:4      | Noticed a slave
  3215 | D:4      | Noticed a slave
  3216 | D:4      | Noticed Pikel
  3216 | D:4      | Noticed a slave
  3263 | D:4      | Killed Pikel
  3263 | D:4      | Reached skill level 6 in Axes
  3263 | D:4      | Reached skill level 6 in Shields
  3263 | D:4      | Reached XP level 7. HP: 38/50 MP: 7/7
  3369 | D:4      | Noticed hairmachine's ghost (weakling OgFi)
  3402 | D:4      | Killed hairmachine's ghost
  3672 | D:4      | Reached XP level 8. HP: 56/56 MP: 8/8
  3683 | D:4      | Found Waatodef's General Store.
  3689 | D:4      | Bought a potion of lignification for 39 gold pieces
  3689 | D:4      | Bought a +0 pair of boots for 58 gold pieces
  3865 | D:4      | Reached * piety under the Shining One
  3887 | D:4      | Reached skill level 7 in Shields
  4625 | D:5      | Entered Level 5 of the Dungeon
  4649 | D:5      | Noticed Blork the orc
  4662 | D:4      | Reached skill level 7 in Axes
  4692 | D:4      | Killed Blork the orc
  4841 | D:5      | Found a staircase to the Ecumenical Temple.
  4855 | D:5      | Found a hide-covered altar of Uskayaw.
  5058 | D:5      | Noticed Grinder
  5079 | D:5      | Killed Grinder
  5079 | D:5      | Reached skill level 8 in Shields
  5260 | D:5      | Reached XP level 9. HP: 60/61 MP: 9/9
  5515 | D:6      | Reached skill level 8 in Axes
  5661 | D:6      | Reached skill level 9 in Shields
  5740 | D:6      | Found an ancient bone altar of Kikubaaqudgha.
  6095 | D:4      | Bought a +2 war axe of freezing for 237 gold pieces
  6109 | D:3      | Noticed Sigmund
  6212 | D:3      | Killed slayr's ghost
  6212 | D:3      | Reached skill level 3 in Fighting
  6212 | D:3      | Reached skill level 5 in Armour
  6223 | D:3      | Killed Sigmund
  6383 | D:3      | Noticed Ijyb
  6390 | D:3      | Killed Ijyb
  6571 | D:3      | Found an oddly glowing altar of Pakellas.
  6863 | D:7      | Found Xocyexkujur's Magic Scroll Emporium.
  6873 | D:7      | Bought a scroll of identify for 24 gold pieces
  6988 | D:7      | Found a flagged portal.
  7001 | Bailey   | Entered a bailey
  7038 | Bailey   | Reached ** piety under the Shining One
  7076 | Bailey   | Reached skill level 4 in Fighting
  7189 | Bailey   | Noticed an orc knight
  7197 | Bailey   | Reached skill level 8 in Fighting
  7197 | Bailey   | Reached skill level 10 in Axes
  7197 | Bailey   | Reached skill level 9 in Armour
  7197 | Bailey   | Reached XP level 10. HP: 51/82 MP: 10/10
  7201 | Bailey   | Demolished by an orc knight

Skill      XL: |  1  2  3  4  5  6  7  8  9 |
---------------+----------------------------+-----
Axes           | 3 4 6 7 10 | 10.9
Shields        | 1 2 3 6 8 9 |  9.0
Fighting       | 8 |  8.4
Armour         | 9 |  9.1
Throwing       | |  1.0
Evocations     | |  1.1

Vault maps used:
D:1:      minmay_arrival_plants_in_alcoves
D:2:      lemuel_doored_altar, first_bread, kennysheep_generic_room_14
D:3:      lemuel_crystal_altar, uniq_sigmund, uniq_iyjb
D:4:      serial_shops, shop, uniq_pikel
D:5:      eat_drink_and_be_merry_uskayaw, kennysheep_generic_room_10,
          uniq_blork_the_orc, uniq_grinder
D:6:      kiku_gazebo_pond_becter
D:7:      gammafunk_temple_overflow_elements, serial_shops, shop,
          kennysheep_mini, lightli_bailey_entry_fortress, the_bakery,
          grunt_decor_mini_mirrors
Bailey:   bailey_axe_2, bailey

Vanquished Creatures
  Pikel Grinder Sigmund
  The ghost of slayr the Covert, an amateur SpEn of Nemelex Xobeh
  2 ogres
  A phantom
  A centaur Blork the orc
  2 scorpions
  3 crimson imps
  2 hounds
  2 orc wizards
  A centaur skeleton
  4 orc priests
  2 iguanas
  4 worker ants Ijyb
  The ghost of hairmachine the Skirmisher, a weakling OgFi
  9 adders
  17 gnolls
  A shadow imp
  4 oozes
  An adder skeleton
  An adder zombie
  7 worms
  2 dart slugs
  2 giant geckos
  16 orcs
  4 bats
  4 giant cockroaches
  11 goblins
  13 hobgoblins
  3 jackals
  A quokka
  2 ball pythons
  9 giant newts
  14 kobolds
  4 rats
156 creatures vanquished.
